 Seeded DCSS version 0.27-a0-1287-gca74d27db6 (webtiles) character file.

Game seed: 31141622101141340 (custom seed)

3667 flotson the Skirmisher (level 9, -3/72 HPs)
             Began as a Demonspawn Fighter on June 14, 2021.
             Was an Initiate of Gozag.
             Killed from afar by an acid dragon (12 damage)
             ... with a splash of acid
             ... on level 8 of the Dungeon.
             The game lasted 00:14:54 (7406 turns).

flotson the Skirmisher (Demonspawn Fighter)         Turns: 7406, Time: 00:14:57

Health: -3/72      AC:  7    Str: 20    XL:     9   Next: 89%
Magic:  9/9        EV:  9    Int: 10    God:    Gozag
Gold:   491        SH: 19    Dex: 12    Spells: 5/8 levels left

rFire    + . .     SeeInvis .   u - +4 dagger of Pogi {distort, rElec rPois rF+}
rCold    . . .     Faith    .   c - +0 kite shield
rNeg     . . .     Spirit   .   e - +0 scale mail
rPois    +         Reflect  +   (helmet restricted)
rElec    +         Harm     .   B - +2 cloak
rCorr    .         Rampage  .   C - +0 pair of gloves
Will     .....                  J - +0 pair of boots
Stlth    +.........             I - amulet of reflection
HPRegen  0.22/turn              r - +4 ring of protection
MPRegen  0.11/turn              (no ring)

@: mighty, corroded, studying Conjurations
A: antennae 2, rugged brown scales 2, condensation shield, demonic magic 1
a: Renounce Religion, Potion Petition, Call Merchant, Bribe Branch


You were on level 8 of the Dungeon.
You worshipped Gozag.
Gozag was aware of your devotion.
You visited 2 branches of the dungeon, and saw 9 of its levels.

You collected 582 gold pieces.
You paid 91 gold pieces to Gozag.

Inventory:

Hand Weapons
 a - a +0 war axe
 b - a +0 hunting sling
 u - the +4 dagger of Pogi (weapon) {distort, rElec rPois rF+}
   (You found it on level 4 of the Dungeon)

   It warps and distorts space around it.
   Unwielding it can cause banishment or high damage.
   It protects you from fire.
   It insulates you from electricity.
   It protects you from poison.
Missiles
 g - 2 throwing nets
 h - 10 boomerangs
 l - 47 sling bullets
 D - 16 poisoned darts (quivered)
 G - 2 javelins
Armour
 c - a +0 kite shield (worn)
 e - a +0 scale mail (worn)
 B - a +2 cloak (worn)
 C - a +0 pair of gloves (worn)
 J - a +0 pair of boots (worn)
Jewellery
 r - a +4 ring of protection (left hand)
 I - an amulet of reflection (around neck)
Wands
 s - a wand of charming (10)
 H - a wand of polymorph (11)
Scrolls
 i - 7 scrolls of identify {unknown}
 k - 3 scrolls of teleportation {unknown}
 p - a scroll of magic mapping {unknown}
 q - 2 scrolls of enchant armour {unknown}
 v - 2 scrolls of noise {unknown}
 x - a scroll of vulnerability {unknown}
 y - a scroll of summoning {unknown}
 A - a scroll of blinking {unknown}
 K - a scroll of enchant weapon {unknown}
 L - a scroll of fear {unknown}
Potions
 d - 2 potions of might
 f - a potion of mutation {unknown}
 j - 2 potions of haste {unknown}
 m - a potion of flight {unknown}
 n - 2 potions of ambrosia {unknown}
 o - a potion of invisibility {unknown}
 t - a potion of curing
 w - 2 potions of magic {unknown}
 z - 2 potions of brilliance {unknown}
 E - a potion of resistance {unknown}
 F - a potion of lignification {unknown}
 M - a potion of cancellation {unknown}


   Skills:
 + Level 5.8 Fighting
 + Level 4.9 Axes
 + Level 4.0 Throwing
 + Level 5.3 Armour
 + Level 4.3 Dodging
 + Level 3.2 Stealth
 + Level 5.4 Shields
 + Level 3.9 Hexes
 + Level 4.4 Evocations


You had 5 spell levels left.
You knew the following spells:

 Your Spells              Type           Power      Damage    Failure   Level
a - Confusing Touch       Hex            7%         N/A       91%         3

Your spell library contained the following spells:

 Spells                   Type           Power      Damage    Failure   Level
 Gell's Gravitas          Tloc           0%         N/A       100%        3
 Petrify                  Tmut/Erth      0%         N/A       100%        4
 Metabolic Englaciation   Hex/Ice        1%         N/A       100%        5
 Yara's Violent Unravell  Hex/Tmut       1%         3d3       100%        5


Dungeon Overview and Level Annotations

Branches:
Dungeon (8/15)             Temple (1/1) D:6            Lair (0/6) D:8

Altars:
Ashenzari
Cheibriados
Dithmenos
Elyvilon
Fedhas
Gozag
Hepliaklqana
Kikubaaqudgha
Makhleb
Nemelex Xobeh
Okawaru
Qazlal
Ru
Sif Muna
Trog
Uskayaw
Vehumet
Wu Jian
Xom
Yredelemnul
Zin
The Shining One

Annotations:
Abyss:1 Sigmund


Innate Abilities, Weirdness & Mutations

You have a pair of antennae on your head.
You are mostly covered in rugged brown scales. (AC +2, +5% HP)
A meltable shield of frost defends you. (SH +4)
Spells you cast may paralyse adjacent enemies.


Message History

The acid dragon is heavily wounded.
You block the acid dragon's attack. x2
You barely miss the acid dragon.
The acid dragon is heavily wounded.
The acid dragon spits acid at you. The splash of acid hits you.
* * * LOW HITPOINT WARNING * * *
The acid corrodes you!
You are splashed with acid!
* * * LOW HITPOINT WARNING * * *
You hear a shout!
It was a potion of curing.
You feel better. You block the acid dragon's attack. x2
You barely miss the acid dragon.
The acid dragon is heavily wounded.
The acid dragon bites you.
* * * LOW HITPOINT WARNING * * *
The acid dragon claws you.
* * * LOW HITPOINT WARNING * * *
The acid dragon bites you.
* * * LOW HITPOINT WARNING * * *
You block the acid dragon's attack.
You feel better. The acid dragon barely misses you.
You block the acid dragon's attack.
Aiming: Charm
Press: ? - help, Shift-Dir - straight line, f - acid dragon
Aim: an acid dragon (heavily wounded, catching its breath, chance to affect: 59%)
The acid dragon resists with significant effort.
You block the acid dragon's attack. x2
Aiming: Charm
Press: ? - help, Shift-Dir - straight line, f/p - acid dragon
Aim: an acid dragon (heavily wounded, chance to affect: 59%)
The acid dragon resists with significant effort.
You block the acid dragon's attack. x2
Aiming: Charm
Press: ? - help, Shift-Dir - straight line, f/p - acid dragon
Aim: an acid dragon (heavily wounded, chance to affect: 59%)
The acid dragon resists with significant effort.
The acid dragon spits acid at you. The splash of acid hits you!
You die...
Your body crumbles into a pile of gold.

#.#.#
#.#.#
#)..#
##..#
#..##
##..#
#..##
##..#
#@.#
##D# ..#
D..#
.{...
......
.....#..
#.....
.. $


You could see an acid dragon (catching breath).

Vanquished Creatures
  A cyclops (D:6)
  A steam dragon (D:7)
  3 water moccasins (D:7)
  An orc warrior (D:6)
  An ice beast (D:7)
  2 black bears
  2 necrophages
  A sky beast (D:7)
  A centaur (D:7)
  An ogre (D:5)
  A phantom (D:5)
  A kobold brigand (D:6)
  A wyvern zombie (D:7)
  2 bullfrogs (D:7)
  2 scorpions (D:5)
  4 killer bees (D:8)
  A centaur zombie (D:7)
  A gnoll shaman (D:6)
  A jelly (D:4)
  An orc priest (D:4)
  A centaur skeleton (D:7)
  4 hounds
  4 bullfrog skeletons
  3 orc wizards
  Natasha (thrice) (D:2)
  A killer bee zombie (D:6)
  2 hound skeletons
  8 gnolls
  13 adders
  A white imp (D:5)
  2 worms
  2 dart slugs
  16 orcs
  7 endoplasms
  6 giant cockroaches
  5 goblins
  10 hobgoblins
  8 jackals
  A kobold (D:3)
  2 quokkas (D:6)
  9 ball pythons
  6 bats
  3 frilled lizards
  4 rats
150 creatures vanquished.

Vanquished Creatures (others)
  4 toadstools (D:1)
4 creatures vanquished.

Grand Total: 154 creatures vanquished

Notes
Turn   | Place    | Note
-------+----------+-------------------------------------------
     0 | D:1      | flotson the Demonspawn Fighter began the quest for the Orb.
     0 | D:1      | Reached XP level 1. HP: 18/18 MP: 1/1
   246 | D:1      | Gained mutation: You are partially covered in rugged brown
                  | scales. (AC +1, +3% HP) [demonic ancestry]
   246 | D:1      | Reached XP level 2. HP: 17/24 MP: 2/2
   793 | D:2      | Noticed Natasha
   805 | D:2      | Killed Natasha
   806 | D:2      | Reached skill level 1 in Dodging
   806 | D:2      | Gained mutation: A meltable shield of frost defends you.
                  | (SH +4) [demonic ancestry]
   806 | D:2      | Reached XP level 3. HP: 21/29 MP: 3/3
  1137 | D:2      | Noticed Natasha
  1149 | D:2      | Killed Natasha
  1150 | D:2      | Gained mutation: You have a pair of small antennae on your
                  | head. [demonic ancestry]
  1150 | D:2      | Reached XP level 4. HP: 28/36 MP: 4/4
  1536 | D:2      | Noticed Natasha
  1545 | D:2      | Killed Natasha
  1705 | D:2      | Noticed Sigmund
  2031 | D:3      | Gained mutation: Spells you cast may paralyse adjacent
                  | enemies. [demonic ancestry]
  2031 | D:3      | Reached XP level 5. HP: 43/43 MP: 5/5
  2138 | D:3      | Learned a level 3 spell: Confusing Touch
  2608 | D:3      | Found a shimmering altar of Xom.
  2609 | D:3      | Found a hazy altar of Hepliaklqana.
  2610 | D:3      | Noticed a spectral ugly thing
  2853 | D:4      | Identified the +4 dagger of Pogi {distort, rElec rPois rF+}
  3249 | D:2      | Banished Sigmund
  3250 | D:2      | Reached skill level 1 in Throwing
  3250 | D:2      | Reached skill level 1 in Evocations
  3250 | D:2      | Gained mutation: You are mostly covered in rugged brown
                  | scales. (AC +2, +5% HP) [demonic ancestry]
  3250 | D:2      | Reached XP level 6. HP: 36/50 MP: 6/6
  3940 | D:4      | Reached XP level 7. HP: 56/56 MP: 7/7
  4453 | D:5      | Entered Level 5 of the Dungeon
  4606 | D:5      | Reached skill level 1 in Hexes
  4839 | D:5      | Reached XP level 8. HP: 64/64 MP: 8/8
  4985 | D:6      | Noticed a cyclops
  5455 | D:6      | Found a staircase to the Ecumenical Temple.
  5467 | Temple   | Entered the Ecumenical Temple
  5553 | Temple   | Became a worshipper of Gozag Ym Sagoz the Greedy
  5587 | D:6      | Reached skill level 1 in Stealth
  5694 | D:6      | Reached skill level 5 in Fighting
  5859 | D:6      | Killed a cyclops
  5860 | D:6      | Gained mutation: You have a pair of antennae on your head.
                  | [demonic ancestry]
  5860 | D:6      | Reached XP level 9. HP: 54/71 MP: 9/9
  6148 | D:6      | Found a sacrificial altar of Ru.
  6149 | D:6      | Found a shadowy altar of Dithmenos.
  6271 | D:7      | Found a hide-covered altar of Uskayaw.
  6271 | D:7      | Found a broken altar of Ashenzari.
  6296 | D:7      | Reached skill level 5 in Shields
  6458 | D:7      | Reached skill level 5 in Armour
  7019 | D:7      | Found a shimmering blue altar of Sif Muna.
  7147 | D:7      | Found a basalt altar of Yredelemnul.
  7368 | D:8      | Found a staircase to the Lair.
  7400 | D:8      | HP: 3/72 [acid (9)]
  7402 | D:8      | HP: 1/72 [acid dragon (3)]
  7406 | D:8      | Killed from afar by an acid dragon

Illustrated notes

Levels and vault maps discovered:
D:1:      ldierk_walled_garden_2, layout_loops_ring
D:2:      layout_basic, serial_aquarium, aquarium_bridge_square
          [aquarium_subvault_bridge, aquarium_subvault_window,
          aquarium_subvault_bridge, aquarium_subvault_bridge],
          aquarium_bridge_straight [aquarium_subvault_bridge,
          aquarium_subvault_wall, aquarium_subvault_bridge,
          aquarium_subvault_balcony], aquarium_window_fake, aquarium_window_2,
          aquarium_view_2e, uniq_natasha, uniq_sigmund
D:3:      layout_basic, regret_index_temple_of_mockery, serial_curves,
          eino_curves_02, eino_curves_04, eino_curves_01
D:4:      layout_layer_cave, minmay_snake_closets
D:5:      layout_rooms
D:6:      layout_gridville, gammafunk_temple_overflow_pools,
          minmay_temple_entry_stoned_glass, portal_sewer_entry_f,
          minmay_manual_mess
D:7:      wad_river_or_something, layout_loops_cross, lemuel_doored_altar,
          lemuel_crystal_altar, grunt_temple_overflow_open, minmay_holes
D:8:      layout_basic, lair_entry_dummy, special_room [special_room_orc]
Temple:   nicolae_temple_god_jail

Skill      XL: |  1  2  3  4  5  6  7  8  9 |
---------------+----------------------------+-----
Axes           | 2 3 4 |  4.9
Armour         | 3 4 5 |  5.3
Dodging        | 1 2 3 4 |  4.3
Shields        | 3 4 5 |  5.4
Fighting       | 4 5 |  5.8
Throwing       | 1 2 3 4 |  4.0
Evocations     | 1 2 3 4 |  4.4
Hexes          | 1 2 3 |  3.9
Stealth        | 2 3 |  3.2

Action                   |  1- 3 |  4- 6 |  7- 9 || total
-------------------------+-------+-------+-------++-------
Melee: War axe           |    67 |    99 |       ||   166
       Dagger            |       |    76 |   319 ||   395
 Fire: Hunting sling     |    11 |    14 |       ||    25
Throw: Dart              |       |     5 |    30 ||    35
Evoke: Wand              |       |       |     3 ||     3
  Use: Potion            |       |       |     3 ||     3
 Stab: Distracted        |       |       |     1 ||     1
Armor: Scale mail        |    29 |    71 |    99 ||   199
Dodge: Dodged            |    24 |    45 |    68 ||   137
Block: Kite shield       |    39 |   126 |   232 ||   397

Table legend: (Time is in decaauts)
 A = Elapsed time spent in this place.
 B = Non-inter-level travel time spent in this place.
 C = Inter-level travel time spent in this place.
 D = Time resting spent in this place.
 E = Time spent auto-exploring this place.
 F = Levels seen in this place.
 G = Mean time per level.
                   A        B        C        D        E       F      G
               +--------+--------+--------+--------+--------+-----+--------+
         Total |   7613 |   7218 |    395 |    188 |   5454 |   9 |  845.9 |
       Dungeon |   7509 |   7131 |    378 |    188 |   5375 |   8 |  938.6 |
        Temple |    103 |     86 |     17 |      0 |     79 |   1 |  103.0 |
               +--------+--------+--------+--------+--------+-----+--------+

Top non-repeatable levels by time:
     D:3: 1372 daAuts
     D:2: 1344 daAuts
     D:6: 1187 daAuts
     D:4: 1052 daAuts
     D:7: 987 daAuts
     D:1: 824 daAuts
     D:5: 565 daAuts
     D:8: 175 daAuts
  Temple: 103 daAuts
